 Dungeon Crawl Stone Soup version 0.16.1-2-g95b8d4c (webtiles) character file.

42 inmateoo the Gusty (level 3, 0/19 HPs)
             Began as a Deep Elf Air Elementalist on Mar 25, 2015.
             Killed from afar by Robin (10 damage)
             ... with a wand of flame
             ... on level 2 of the Dungeon.
             The game lasted 00:02:43 (1570 turns).

inmateoo the Gusty (Deep Elf Air Elementalist)      Turns: 1570, Time: 00:02:43

Health: 0/19       AC:  2    Str:  5    XL:     3   Next: 33%
Magic:  4/11       EV: 13    Int: 20    God:
Gold:   74         SH:  0    Dex: 15    Spells: 3 memorised, 3 levels left

rFire  . . .     SeeInvis .     o - +0 quarterstaff
rCold  . . .     Clarity  .     a - +0 robe
rNeg   . . .     SustAb   .     (no shield)
rPois  .         Gourm    .     (no helmet)
rElec  .         Spirit   .     (no cloak)
rCorr  .         Warding  .     (no gloves)
rMut   .         Stasis   .     (no boots)
MR     .....                    (no amulet)
Stlth  ++........               (no ring)
                                (no ring)

@: very slightly contaminated, repel missiles, not resistant to hostile
enchantments, unstealthy
A: no striking features
a: no special abilities


You were on level 2 of the Dungeon.
You were not hungry.

You visited 1 branch of the dungeon, and saw 2 of its levels.

You collected 74 gold pieces.

Inventory:

Hand weapons
 o - a +0 quarterstaff (weapon)
Armour
 a - a +0 robe (worn)
Scrolls
 e - a scroll of amnesia {unknown}
 g - a scroll of noise {unknown}
 h - a scroll of teleportation {unknown}
 j - a scroll of fear {unknown}
 m - a scroll of identify {unknown}
 p - a scroll of remove curse {unknown}
Potions
 d - a potion of haste {unknown}
 i - a potion of flight {unknown}
 k - 2 potions of ambrosia {unknown}
Books
 b - a book of Air

   Spells                             Type                      Level
   a - Shock                          Conjuration/Air              1
   b - Swiftness                      Charms/Air                   2
   c - Repel Missiles                 Charms/Air                   2
   d - Flight                         Charms/Air                   3
   e - Static Discharge               Conjuration/Air              3
   f - Lightning Bolt                 Conjuration/Air              5
Comestibles
 c - a bread ration
 f - 3 meat rations
 l - 2 slices of pizza
 n - a beef jerky
 q - a chunk of flesh


   Skills:
 + Level 2.9 Dodging
 + Level 2.8 Stealth
 + Level 3.3 Spellcasting
 + Level 1.7 Conjurations
 * Level 3.6 Air Magic


You had 3 spell levels left.
You knew the following spells:

 Your Spells              Type           Power        Failure   Level  Hunger
a - Shock                 Conj/Air       ##..         6%          1    None
b - Repel Missiles        Chrm/Air       ##....       12%         2    ##.....
c - Swiftness             Chrm/Air       ##......     12%         2    ##.....


Dungeon Overview and Level Annotations

Branches:
Dungeon (2/15)

Altars:

Annotations:
D:2 Robin


Message History

The zap misses Robin.
Robin zaps a wand.
The puff of flame hits you!
It is a wand of flame.
Casting: Shock
Confirm with . or Enter, or press ? or * to list all spells.
Aiming: Shock
Press: ? - help, Shift-Dir - straight line, f/p - Robin
Aim: Robin, wielding a mace, wearing an animal skin, wearing a helmet and carrying a wand of flame {zapped: 1} (moderately wounded)
The zap hits Robin.
Robin is moderately wounded.
Robin zaps a wand.
The puff of flame misses you.
Casting: Shock
Confirm with . or Enter, or press ? or * to list all spells.
Aiming: Shock
Press: ? - help, Shift-Dir - straight line, f/p - Robin
Aim: Robin, wielding a mace, wearing an animal skin, wearing a helmet and carrying a wand of flame {zapped: 2} (moderately wounded)
The zap hits Robin.
Robin is moderately wounded.
Robin zaps a wand.
The puff of flame hits you!
Ouch! That really hurt!
You die...

#....##)#
#.##.##.#
#.##.##)#
#.(.†.).#
####.####
#.# . #.#
.....#####.#
...g....@..#
..##.#######


You could see Robin.

Vanquished Creatures
  A giant gecko (D:1)
  2 oozes (D:1)
  2 bats
  3 giant cockroaches (D:1)
  4 hobgoblins
  3 jackals (D:1)
  3 kobolds (D:1)
  3 giant newts (D:1)
  9 goblins
  6 rats (D:1)
36 creatures vanquished.

Notes
Turn   | Place    | Note
--------------------------------------------------------------
     0 | D:1      | inmateoo, the Deep Elf Air Elementalist, began the quest for the Orb.
     0 | D:1      | Reached XP level 1. HP: 10/10 MP: 5/5
   300 | D:1      | Reached XP level 2. HP: 15/15 MP: 0/8
   852 | D:1      | Learned a level 2 spell: Repel Missiles
   855 | D:1      | Learned a level 2 spell: Swiftness
  1174 | D:1      | Reached XP level 3. HP: 19/19 MP: 5/11
  1564 | D:2      | Noticed Robin
  1570 | D:2      | Killed from afar by Robin

Action                   || total
-------------------------++-------
Melee: Unarmed           ||     3
       Quarterstaff      ||     7
 Cast: Shock             ||    74
       Repel Missiles    ||     1
  Eat: Chunk             ||     2
